IL
TOLEDO MUD HENS @ SALT LAKE BEES
05/31/2048
 
TOP OF THE 1ST
Toledo Mud Hens batting - Pitching for Salt Lake Bees : RHP Dave Thomas
Pitching: RHP Dave Thomas
Batting: RHB Brandon O'Malley 0-0: Called Strike
0-1: Ball
1-1: Called Strike
1-2: Ball
2-2: Foul Ball, location: 2F
2-2: Strikes out swinging
Batting: RHB J.J. Basil 0-0: Ball
1-0: Ground out 6-3 (Groundball, 6S, EV 84.4 MPH)
Batting: LHB Bill Ford 0-0: Called Strike
0-1: Called Strike
0-2: Ball
1-2: Foul Ball, location: 2F
1-2: SINGLE (Line Drive, 78S, EV 92.5 MPH)
Batting: LHB Jon Frederick 0-0: Called Strike
Bill Ford is caught stealing 2nd base 2-6
Top of the 1st over - 0 runs, 1 hit, 0 errors, 0 left on base; Toledo 0 - Salt Lake 0
BOTTOM OF THE 1ST
Salt Lake Bees batting - Pitching for Toledo Mud Hens : LHP Josh Thorpe
Pitching: LHP Josh Thorpe
Batting: RHB Kian-tat Chen 0-0: Ball
1-0: SOLO HOME RUN (Flyball, 7D, EV 96.2 MPH), Distance : 380 ft
Batting: LHB Justin Alexander 0-0: Ball
1-0: Fly out, F8 (Line Drive, 78M, EV 92.5 MPH)
Batting: RHB Brandon Davis 0-0: Ball
1-0: Called Strike
1-1: Ball
2-1: Foul Ball, location: 2F
2-2: SINGLE (Groundball, 56S, EV 69.4 MPH) (infield hit)
Batting: LHB James McCauley 0-0: Swinging Strike
Balk!
Brandon Davis to second
0-1: Ground out 4-3 (Groundball, 4, EV 105.6 MPH)
Brandon Davis to third
Batting: RHB Josh Faulconer 0-0: 2-RUN HOME RUN (Line Drive, 7D, EV 101.9 MPH), Distance : 403 ft
Batting: LHB Jonathon Walton 0-0: Ball
1-0: Ball
2-0: Called Strike
2-1: Ball
3-1: Base on Balls
Batting: RHB Jeff Long 0-0: Ball
1-0: Called Strike
1-1: Foul Ball, location: 2F
1-2: Ball
2-2: Foul Ball, location: 2F
2-2: SINGLE (Groundball, 56, EV 95.0 MPH)
Jonathon Walton to second
Jonathon Walton to third
Batting: SHB Butch Brown 0-0: Foul Ball, location: 2F
0-1: Fly out, F8 (Line Drive, 8RXD, EV 86.9 MPH)
Bottom of the 1st over - 3 runs, 4 hits, 0 errors, 2 left on base; Toledo 0 - Salt Lake 3
TOP OF THE 2ND
Toledo Mud Hens batting - Pitching for Salt Lake Bees : RHP Dave Thomas
Batting: LHB Jon Frederick 0-0: Ball
1-0: Single, Error in OF, E8, batter to second base (Groundball, 4MD, EV 95.0 MPH)
Batting: RHB Dan Becvar 0-0: Ball
1-0: Ball
2-0: SINGLE (Line Drive, 6MD, EV 106.9 MPH)
Jon Frederick to third
Runner from 3rd tries for Home, throw by CF and OUT! 8-2
Dan Becvar to second
Batting: RHB Joel Miller 0-0: Called Strike
0-1: Ball
1-1: Ball
2-1: Ball
3-1: Base on Balls
Batting: RHB Keith Hoffman 0-0: Called Strike
0-1: Ball
1-1: Ball
2-1: Foul Ball, location: 2F
2-2: Ground out U3 (Groundball, 3S, EV 70.0 MPH)
Dan Becvar to third
Joel Miller to second
Batting: SHB Scott Bartholomew 0-0: Ball
1-0: Called Strike
1-1: Swinging Strike
1-2: Strikes out swinging
Top of the 2nd over - 0 runs, 2 hits, 1 error, 2 left on base; Toledo 0 - Salt Lake 3
BOTTOM OF THE 2ND
Salt Lake Bees batting - Pitching for Toledo Mud Hens : LHP Josh Thorpe
Batting: RHB Juan Rosa 0-0: Ball
1-0: Fly out, F9 (Flyball, 9, EV 82.5 MPH)
Batting: RHB Kian-tat Chen 0-0: Called Strike
0-1: Foul Ball, location: 2F
0-2: Strikes out swinging
Batting: LHB Justin Alexander 0-0: Ball
1-0: SINGLE (Groundball, 34D, EV 96.2 MPH)
Batting: RHB Brandon Davis 0-0: Called Strike
0-1: Foul Ball, location: 2F
0-2: Foul Ball, location: 2F
0-2: Ball
1-2: Ball
2-2: SINGLE (Groundball, 56S, EV 65.0 MPH) (infield hit)
Justin Alexander to second
Batting: LHB James McCauley 0-0: Swinging Strike
0-1: Swinging Strike
0-2: Ball
1-2: Strikes out swinging
Bottom of the 2nd over - 0 runs, 2 hits, 0 errors, 2 left on base; Toledo 0 - Salt Lake 3
TOP OF THE 3RD
Toledo Mud Hens batting - Pitching for Salt Lake Bees : RHP Dave Thomas
Batting: SHB Chris Wagler 0-0: Ball
1-0: Fly out, F8 (Flyball, 8RD, EV 100.6 MPH)
Batting: RHB Brandon O'Malley 0-0: Foul Ball, location: 2F
0-1: Swinging Strike
0-2: Ball
1-2: Ball
2-2: SINGLE (Groundball, 34S, EV 64.4 MPH) (infield hit)
Batting: RHB J.J. Basil 0-0: Called Strike
Brandon O'Malley steals 2nd base
0-1: SINGLE (Line Drive, 7S, EV 98.1 MPH)
Brandon O'Malley to third
Runner from 3rd tries for Home, SAFE, throw by LF to home
Batting: LHB Bill Ford 0-0: Ball
1-0: Called Strike
J.J. Basil steals 2nd base
1-1: Ball
2-1: Ground out 6-3 (Groundball, 6, EV 81.9 MPH)
J.J. Basil to third
Batting: LHB Jon Frederick 0-0: Foul Ball, location: 2F
0-1: Called Strike
0-2: Foul Ball, location: 2F
0-2: Ground out 1-3 (Groundball, P, EV 71.2 MPH)
Top of the 3rd over - 1 run, 2 hits, 0 errors, 1 left on base; Toledo 1 - Salt Lake 3
BOTTOM OF THE 3RD
Salt Lake Bees batting - Pitching for Toledo Mud Hens : LHP Josh Thorpe
Batting: RHB Josh Faulconer 0-0: Called Strike
0-1: Swinging Strike
0-2: Ball
1-2: Ball
2-2: Ball
3-2: Strikes out swinging
Batting: LHB Jonathon Walton 0-0: Fly out, F8 (Flyball, 8RD, EV 91.2 MPH)
Batting: RHB Jeff Long 0-0: Ball
1-0: Foul Ball, location: 2F
1-1: Ball
2-1: Swinging Strike
2-2: Ball
3-2: Strikes out swinging
Bottom of the 3rd over - 0 runs, 0 hits, 0 errors, 0 left on base; Toledo 1 - Salt Lake 3
TOP OF THE 4TH
Toledo Mud Hens batting - Pitching for Salt Lake Bees : RHP Dave Thomas
Batting: RHB Dan Becvar 0-0: Fly out, F9 (Flyball, 89S, EV 88.8 MPH)
Batting: RHB Joel Miller 0-0: Ball
1-0: Ball
2-0: Ball
3-0: Called Strike
3-1: Foul Ball, location: 2F
3-2: Strikes out looking
Batting: RHB Keith Hoffman 0-0: Called Strike
0-1: Foul Ball, location: 2F
0-2: Ball
1-2: Ball
2-2: Strikes out swinging
Top of the 4th over - 0 runs, 0 hits, 0 errors, 0 left on base; Toledo 1 - Salt Lake 3
BOTTOM OF THE 4TH
Salt Lake Bees batting - Pitching for Toledo Mud Hens : LHP Josh Thorpe
Batting: SHB Butch Brown 0-0: Ball
1-0: Swinging Strike
1-1: Ball
2-1: Called Strike
2-2: Ball
3-2: Foul Ball, location: 2F
3-2: Reached on error, E6 (Groundball, 6, EV 92.5 MPH)
Batting: RHB Juan Rosa 0-0: Called Strike
0-1: Ball
1-1: Ball
2-1: SINGLE (Line Drive, 6MD, EV 98.8 MPH)
Butch Brown to third
Runner from 3rd tries for Home, SAFE, throw by CF to home
Batting: RHB Kian-tat Chen 0-0: Ball
1-0: Ball
2-0: Called Strike
2-1: Called Strike
2-2: Ball
3-2: Foul Ball, location: 2F
3-2: SINGLE (Groundball, 4M, EV 108.1 MPH) (infield hit)
Juan Rosa to second
Batting: LHB Justin Alexander 0-0: Called Strike
0-1: Ball
1-1: Ball
2-1: Ball
3-1: Called Strike
3-2: Foul Ball, location: 2F
3-2: Foul Ball, location: 2F
3-2: Base on Balls
Juan Rosa to third
Kian-tat Chen to second
Batting: RHB Brandon Davis 0-0: SINGLE (Groundball, 56D, EV 105.6 MPH)
Juan Rosa scores
Kian-tat Chen to third
Justin Alexander to second
Runner from 3rd tries for Home, SAFE, throw by LF to home
Batting: LHB James McCauley 0-0: Ball
1-0: Called Strike
1-1: Foul Ball, location: 2F
1-2: SINGLE (Line Drive, 6MD, EV 106.2 MPH)
Justin Alexander to third
Brandon Davis to second
Pitching: RHP Roberto Benavides
Batting: RHB Josh Faulconer 0-0: Ground out 5-3 (Groundball, 5S, EV 73.8 MPH)
Justin Alexander scores
Brandon Davis to third
James McCauley to second
Batting: LHB Jonathon Walton 0-0: Ball
1-0: Ball
2-0: Ball
3-0: Called Strike
3-1: Base on Balls
Batting: RHB Jeff Long 0-0: Ball
1-0: SINGLE (Line Drive, 9LS, EV 100.0 MPH)
Brandon Davis scores
James McCauley to third
Jonathon Walton to second
Runner from 3rd tries for Home, SAFE, throw by RF to home
Batting: SHB Butch Brown 0-0: Ball
1-0: Called Strike
1-1: Called Strike
1-2: Ball
2-2: Foul Ball, location: 2F
2-2: Strikes out swinging
Batting: RHB Juan Rosa 0-0: Ball
1-0: Called Strike
1-1: Ball
2-1: Ball
3-1: Swinging Strike
3-2: Base on Balls
Jonathon Walton to third
Jeff Long to second
Batting: RHB Kian-tat Chen 0-0: Ground out 1-3 (Groundball, 25, EV 66.9 MPH)
Bottom of the 4th over - 6 runs, 5 hits, 1 error, 3 left on base; Toledo 1 - Salt Lake 9
TOP OF THE 5TH
Toledo Mud Hens batting - Pitching for Salt Lake Bees : RHP Dave Thomas
Batting: SHB Scott Bartholomew 0-0: Called Strike
0-1: Ball
1-1: Foul Ball, location: 2F
1-2: Strikes out swinging
Batting: SHB Chris Wagler 0-0: Called Strike
0-1: Fly out, F7 (Flyball, 7LD, EV 105.6 MPH)
Batting: RHB Brandon O'Malley 0-0: Ball
1-0: Foul Ball, location: 2F
1-1: Fly out, F1 (Line Drive, P, EV 69.4 MPH)
Top of the 5th over - 0 runs, 0 hits, 0 errors, 0 left on base; Toledo 1 - Salt Lake 9
BOTTOM OF THE 5TH
Salt Lake Bees batting - Pitching for Toledo Mud Hens : RHP Roberto Benavides
Batting: LHB Justin Alexander 0-0: Ball
1-0: Ball
2-0: Foul Ball, location: 2F
2-1: Foul Ball, location: 2F
2-2: Foul Ball, location: 2F
2-2: Strikes out swinging
Batting: RHB Brandon Davis 0-0: Ball
1-0: Foul Ball, location: 2F
1-1: Ball
2-1: DOUBLE (Flyball, 78XD, EV 95.0 MPH)
Batting: LHB James McCauley 0-0: Ball
1-0: Ball
2-0: Ball
3-0: Base on Balls
Batting: RHB Josh Faulconer 0-0: Ball
1-0: Ball
2-0: Foul Ball, location: 2F
2-1: Ball
3-1: Fly out, F9 (Flyball, 9, EV 71.9 MPH)
Batting: LHB Jonathon Walton 0-0: SINGLE (Groundball, 4D, EV 99.4 MPH)
Brandon Davis to third
James McCauley to second
Runner from 3rd tries for Home, SAFE, throw by CF to trailing runner, SAFE at third!
Batting: RHB Jeff Long 0-0: Ball
Wild Pitch!
James McCauley scores
Jonathon Walton to second
1-0: Ball
2-0: Ball
3-0: Called Strike
3-1: Base on Balls
Batting: SHB Butch Brown 0-0: Ball
1-0: Foul Ball, location: 2F
1-1: Ball
2-1: Ball
3-1: Foul Ball, location: 2F
3-2: Foul Ball, location: 2F
3-2: Ground out 2-3 (Groundball, 15S, EV 73.8 MPH)
Bottom of the 5th over - 2 runs, 2 hits, 0 errors, 2 left on base; Toledo 1 - Salt Lake 11
TOP OF THE 6TH
Toledo Mud Hens batting - Pitching for Salt Lake Bees : RHP Dave Thomas
Batting: RHB J.J. Basil 0-0: Ground out U3 (Groundball, 3, EV 93.1 MPH)
Batting: LHB Bill Ford 0-0: Called Strike
0-1: Ball
1-1: Ball
2-1: Ball
3-1: Swinging Strike
3-2: Ground out 5-3 (Groundball, 56S, EV 86.9 MPH)
Batting: LHB Jon Frederick 0-0: Called Strike
0-1: Foul Ball, location: 2F
0-2: Ball
1-2: Ball
2-2: Foul Ball, location: 2F
2-2: Foul Ball, location: 2F
2-2: Ball
3-2: Foul Ball, location: 2F
3-2: Ground out U3 (Groundball, 3S, EV 72.5 MPH)
Top of the 6th over - 0 runs, 0 hits, 0 errors, 0 left on base; Toledo 1 - Salt Lake 11
BOTTOM OF THE 6TH
Salt Lake Bees batting - Pitching for Toledo Mud Hens : RHP Roberto Benavides
Pitching: RHP Jason Mucci
Batting: RHB Juan Rosa 0-0: Called Strike
0-1: Foul Ball, location: 2F
0-2: Strikes out swinging
Batting: RHB Kian-tat Chen 0-0: Called Strike
0-1: Fly out, F4 (Line Drive, 4, EV 69.4 MPH)
Batting: LHB Justin Alexander 0-0: Ball
1-0: Foul Ball, location: 2F
1-1: Ground out 6-3 (Groundball, 6M, EV 104.4 MPH)
Bottom of the 6th over - 0 runs, 0 hits, 0 errors, 0 left on base; Toledo 1 - Salt Lake 11
TOP OF THE 7TH
Toledo Mud Hens batting - Pitching for Salt Lake Bees : RHP Dave Thomas
Pitching: RHP George Rosario
Batting: RHB Dan Becvar 0-0: Called Strike
0-1: Ball
1-1: Swinging Strike
1-2: Ball
2-2: Ball
3-2: Strikes out swinging
Batting: RHB Joel Miller 0-0: Ball
1-0: Ball
2-0: Foul Ball, location: 2F
2-1: Foul Ball, location: 2F
2-2: Strikes out swinging
Batting: RHB Keith Hoffman 0-0: Called Strike
0-1: Ball
1-1: Called Strike
1-2: Ground out 6-3 (Groundball, 6S, EV 84.4 MPH)
Top of the 7th over - 0 runs, 0 hits, 0 errors, 0 left on base; Toledo 1 - Salt Lake 11
BOTTOM OF THE 7TH
Salt Lake Bees batting - Pitching for Toledo Mud Hens : RHP Jason Mucci
Batting: RHB Brandon Davis 0-0: Called Strike
0-1: Fly out, F8 (Line Drive, 8RM, EV 89.4 MPH)
Batting: LHB James McCauley 0-0: Called Strike
0-1: Fly out, F5 (Popup, 5SF, EV 76.9 MPH)
Batting: RHB Josh Faulconer 0-0: Fly out, F7 (Flyball, 7D, EV 75.6 MPH)
Bottom of the 7th over - 0 runs, 0 hits, 0 errors, 0 left on base; Toledo 1 - Salt Lake 11
TOP OF THE 8TH
Toledo Mud Hens batting - Pitching for Salt Lake Bees : RHP George Rosario
Batting: SHB Scott Bartholomew 0-0: Called Strike
0-1: Called Strike
0-2: Ball
1-2: Foul Ball, location: 2F
1-2: Ball
2-2: SINGLE (Groundball, 6MS, EV 68.1 MPH) (infield hit)
Batting: SHB Chris Wagler 0-0: Called Strike
0-1: Ball
1-1: Ball
2-1: SINGLE (Flyball, 8LS, EV 94.4 MPH)
Scott Bartholomew to second
Batting: RHB Brandon O'Malley 0-0: Ball
Wild Pitch!
Scott Bartholomew to third
Chris Wagler to second
1-0: Called Strike
1-1: Swinging Strike
1-2: Ball
2-2: Ball
3-2: Ground out 4-3 (Groundball, 4S, EV 85.0 MPH)
Scott Bartholomew scores
Chris Wagler to third
Pitching: RHP Andrew Tipton
Batting: RHB J.J. Basil 0-0: Foul Ball, location: 2F
0-1: Reached on error, E5 (Groundball, 5L, EV 105.0 MPH)
Chris Wagler scores
Batting: LHB Bill Ford 0-0: Ball
Wild Pitch!
J.J. Basil to second
1-0: Swinging Strike
1-1: Called Strike
1-2: Strikes out looking
Batting: LHB Jon Frederick 0-0: Called Strike
0-1: Ball
1-1: Ball
2-1: Called Strike
2-2: Ball
3-2: Foul Ball, location: 2F
3-2: Strikes out looking
Top of the 8th over - 2 runs, 2 hits, 1 error, 1 left on base; Toledo 3 - Salt Lake 11
BOTTOM OF THE 8TH
Salt Lake Bees batting - Pitching for Toledo Mud Hens : RHP Jason Mucci
Batting: LHB Jonathon Walton 0-0: Ball
1-0: Ball
2-0: Ball
3-0: Base on Balls
Batting: RHB Jeff Long 0-0: Grounds into double play, 6-4-3 (Groundball, 6, EV 91.9 MPH)
Batting: SHB Butch Brown 0-0: Ball
1-0: Ball
2-0: Swinging Strike
2-1: Ball
3-1: Foul Ball, location: 2F
3-2: Foul Ball, location: 2F
3-2: Foul Ball, location: 2F
3-2: Strikes out swinging
Bottom of the 8th over - 0 runs, 0 hits, 0 errors, 0 left on base; Toledo 3 - Salt Lake 11
TOP OF THE 9TH
Toledo Mud Hens batting - Pitching for Salt Lake Bees : RHP Andrew Tipton
Batting: RHB Dan Becvar 0-0: Ball
1-0: Ball
2-0: Called Strike
2-1: Foul Ball, location: 2F
2-2: Strikes out looking
Batting: RHB Joel Miller 0-0: Called Strike
0-1: Swinging Strike
0-2: Ball
1-2: Foul Ball, location: 2F
1-2: Strikes out swinging
Batting: RHB Keith Hoffman 0-0: Called Strike
0-1: Foul Ball, location: 2F
0-2: Strikes out swinging
Top of the 9th over - 0 runs, 0 hits, 0 errors, 0 left on base; Toledo 3 - Salt Lake 11
Tuesday, March 28th , 2023 - OOTP Baseball 23.10 Build 110